AoeStats
← El.Profesor

Arena

508718447Analyzed
1v1 RM · 9d ago on Sep 23, 2026· 34m 33s· 2 players
Game mode
Random Map
Map size
Tiny (2 player)
Population
200
Speed
Normal
Resources
Standard
Victory
Conquest
Starting age
Dark Age
Ending age
Imperial Age
RankedLock teamsTeams togetherTeam positionsShared explorationLock speedFull tech treeHidden civsTurbo modeCheats
Victory
Defeat
🇦🇷 Bohemians · Argentina
1060
+15
🇩🇪 Poles · Germany
1049
-15
KanyBot
10:46 Feudal Age
14:57 Castle Age
12:59 Stone Mining
13:14 Double-Bit Axe
13:46 Horse Collar
16:49 Bow Saw
25:15 Gold Mining
26:09 Wheelbarrow
26:07 Heavy Plow
29:25 Imperial Age
26:41 Loom
28:05 Scale Barding Armor
28:11 Forging
28:13 Light Cavalry
29:03 Bloodlines
28:49 Elite Skirmisher
29:20 Fletching
29:31 Padded Archer Armor
30:56 Bloodlines
31:07 Chain Barding Armor
31:08 Bodkin Arrow
31:28 Leather Archer Armor
El.Profesor
0:28 Loom
12:57 Feudal Age
16:59 Castle Age
15:59 Double-Bit Axe
19:55 Chemistry
23:57 Imperial Age
21:54 Pikeman
30:54 Scale Mail Armor
Connection lost

Rejoining the realm…

Still unreachable

The connection could not be restored.

Session expired

The server has moved on; the page needs a fresh start.